 Dungeon Crawl Stone Soup version 0.32-a0-918-g0f22ef8d61 (webtiles) character file.

Game seed: 10989841990657043862

123 Fodor the Trooper (level 4, -8/34 (40) HPs)
             Began as a Minotaur Fighter on Apr 11, 2024.
             Mangled by a wight
             ... wielding a +6 mace
              (9 damage)
             ... on level 4 of the Dungeon.
             The game lasted 00:07:17 (2437 turns).

Fodor the Trooper (Minotaur Fighter)                Turns: 2437, Time: 00:07:17

HP:   -8/34 (40)    AC: 14    Str: 23    XL:     4   Next: 79%
MP:   3/3           EV:  7    Int:  5    God:
Gold: 214           SH:  4    Dex:  9    Spells: 3/3 levels left

rFire   . . .        a - +0 war axe
rCold   . . .        c - +0 buckler
rNeg    . . .        m - +5 chain mail
rPois   .            (helmet restricted)
rElec   .            (no cloak)
rCorr   .            (no gloves)
SInv    .            (no boots)
Will    .....        g - amulet of the acrobat Stlth
                     (no ring)
HPRegen 0.25/turn    (no ring)
MPRegen 0.08/turn

%: acrobat
@: heavily drained
A: horns 2, retaliatory headbutt
a: no special abilities


You were on level 4 of the Dungeon.
You visited 1 branch of the dungeon, and saw 4 of its levels.

You collected 246 gold pieces.
You spent 32 gold pieces at shops.

Inventory:

Hand Weapons
 a - a +0 war axe (weapon)
Armour
 c - a +0 buckler (worn)
 m - a +5 chain mail (worn)
Jewellery
 g - an amulet of the acrobat (around neck)
 k - a ring of wizardry
 p - a ring of see invisible
Scrolls
 b - a scroll of enchant armour
 e - a scroll of noise {unknown}
 f - 2 scrolls of immolation {unknown}
 l - 4 scrolls of identify {unknown}
 n - a scroll of torment {unknown}
 o - a scroll of teleportation {unknown}
Potions
 d - 4 potions of might
 h - 3 potions of haste {unknown}
 i - a potion of degeneration {unknown}
 j - 2 potions of curing {unknown}
 q - a potion of berserk rage {unknown}


   Skills:
 + Level 4.1 Fighting
 + Level 3.4 Axes
 + Level 2.6 Throwing
 + Level 4.0 Armour
 + Level 0.7 Dodging
 + Level 0.2 Stealth
 + Level 4.1 Shields


You had 3 spell levels left.
You didn't know any spells.
Your spell library contained the following spells:

 Spells                   Type           Power      Damage    Failure   Level
 Magic Dart               Conj           0%         1d3       98%         1
 Blink                    Tloc           0%         N/A       99%         2
 Call Imp                 Summ           0%         N/A       99%         2


Dungeon Overview and Level Annotations

Branches:
Dungeon (4/15)
 Temple: D:4-7

Altars:
Trog

Shops:
D:2 *


Innate Abilities, Weirdness & Mutations

You have a pair of horns on your head.
You reflexively headbutt those who attack you in melee.


Message History

You block the wight's attack.
You hit the wight but do no damage.
The wight is lightly damaged.
The wight hits you but does no damage.
You barely miss the wight.
The wight is lightly damaged.
The wight hits you but does no damage. x2
A wight comes into view. It is wielding a +6 mace.
You closely miss the wight.
The wight is lightly damaged.
The wight barely misses you.
You closely miss the wight.
The wight is lightly damaged.
You barely miss the wight. The wight hits you with a +6 mace.
The wight hits you with a +1 morningstar.
You feel drained.
You barely miss the wight.
The wight is lightly damaged.
You slash the wight! The wight hits you but does no damage.
The wight hits you with a +1 morningstar.
The wight hits you with a +1 morningstar!
You feel drained. The wight hits you with a +6 mace.
You feel drained.
You closely miss the wight.
The wight is lightly damaged.
You hit the wight but do no damage. The wight hits you with a +6 mace.
The wight barely misses you.
Unknown command.
You closely miss the wight.
The wight is lightly damaged.
You hit the wight. The wight hits you with a +6 mace!
* * * LOW HITPOINT WARNING * * *
The wight hits you with a +1 morningstar.
* * * LOW HITPOINT WARNING * * *
You feel drained.
* * * LOW HITPOINT WARNING * * *
As you read the scroll labelled BUYGU BONNAYL, it crumbles to dust.
It is a scroll of enchant armour.
Your +4 chain mail glows green for a moment.
The wight hits you with a +6 mace!
You die...

## # #.
##.###.
.......
#....
##.#...###
.......<@#
##?#...z#z#
#..#..###Kz
... ##.
#..# # ##
..# ... ###


You could see 3 wights and a kobold.

Vanquished Creatures
  2 adders
  A white imp (D:3)
  2 ribbon worms (D:2)
  2 dart slugs (D:2)
  8 orcs (D:3)
  8 ball pythons
  9 bats
  7 endoplasms
  A giant cockroach (D:4)
  6 goblins
  7 hobgoblins
  5 jackals (D:1)
  6 kobolds
  3 quokkas
  2 frilled lizards
  2 rats (D:3)
71 creatures vanquished.

Notes
Turn   | Place    | Note
-------+----------+-------------------------------------------
     0 | D:1      | Fodor the Minotaur Fighter began the quest for the Orb.
     0 | D:1      | Reached XP level 1. HP: 19/19 MP: 0/0
   135 | D:1      | Reached XP level 2. HP: 27/27 MP: 1/1
   829 | D:1      | Reached skill level 1 in Throwing
   829 | D:1      | Reached XP level 3. HP: 30/33 MP: 2/2
  1007 | D:2      | Found Lautwus's Assorted Antiques.
  1048 | D:2      | Bought a scroll labelled BUYGU BONNAYL for 32 gold pieces
  1052 | D:2      | Found a bloodstained altar of Trog.
  1314 | D:2      | Reached XP level 4. HP: 40/40 MP: 3/3
  2436 | D:4      | HP: 1/34 [wight/+1 morningstar (1)]
  2437 | D:4      | Mangled by a wight

Illustrated notes

Levels and vault maps discovered:
D:1:      tekkud_arrival_beachfront_property, layout_basic
D:2:      layout_basic, basic_altar, serial_shops, shop, serial_forest,
          infiniplex_forest_corner_1, infiniplex_forest_end_1,
          infiniplex_forest_corner_1, infiniplex_forest_end_double,
          infiniplex_forest_corner_1
D:3:      layout_basic
D:4:      layout_loops_ring, serial_bayou_ford_a

Skill      XL: |  1  2  3  4 |
---------------+-------------+-----
Shields        | 4 |  4.1
Fighting       | 4 |  4.1
Throwing       | 1 2 |  2.6
Armour         | 4 |  4.0
Axes           | 3 |  3.4
Dodging        | |  0.7
Stealth        | |  0.2

Action                     |  1- 3 |  4- 6 || total
---------------------------+-------+-------++-------
  Melee: War axe           |    50 |   132 ||   182
         Headbutt          |     4 |    35 ||    39
  Throw: Boomerang         |    82 |     5 ||    87
    Use: Scroll            |       |     1 ||     1
 Armour: Scale mail        |    16 |       ||    16
         Chain mail        |    55 |    57 ||   112
  Dodge: Dodged            |    54 |    28 ||    82
  Block: Buckler           |    15 |     9 ||    24

Table legend: (Time is in decaauts)
 A = Elapsed time spent in this place.
 B = Non-inter-level travel time spent in this place.
 C = Inter-level travel time spent in this place.
 D = Time resting spent in this place.
 E = Time spent auto-exploring this place.
 F = Levels seen in this place.
 G = Mean time per level.
                   A        B        C        D        E       F      G
               +--------+--------+--------+--------+--------+-----+--------+
         Total |   2534 |   2447 |     87 |      0 |   1685 |   4 |  633.5 |
       Dungeon |   2534 |   2447 |     87 |      0 |   1685 |   4 |  633.5 |
               +--------+--------+--------+--------+--------+-----+--------+

Top non-repeatable levels by time:
     D:1: 961 daAuts
     D:2: 826 daAuts
     D:3: 730 daAuts
     D:4: 16 daAuts
